[Event "11th Arad Open 2018"]
[Site "Arad"]
[Date "2018.08.07"]
[Round "4"]
[White "Georgiev, Kiril"]
[Black "Terbe, Julianna"]
[Result "1-0"]
[ECO "A11"]
[WhiteElo "2593"]
[BlackElo "2234"]
[Annotator "ChessBase"]
[PlyCount "57"]
[EventDate "2018.08.05"]
[EventType "swiss"]
[EventCountry "ROU"]
[SourceTitle "playchess.com"]
[Source "ChessBase"]
[SourceQuality "1"]
[TimeControl "40/5400+30:1800+30"]

1. c4 c6 2. Nf3 d5 3. e3 Nf6 4. Nc3 Bg4 5. Qb3 Qb6 6. Ne5 Be6 7. d4 Nbd7 8. Nxd7 Nxd7 9. cxd5 Qxb3 10. axb3 Bxd5 11. b4 e5 12. Nxd5 cxd5 13. Bd2 exd4 14. exd4 Be7 15. Bb5 Kd8 16. O-O Bf6 17. Ra5 Nb6 18. Bc3 Ke7 19. Rfa1 a6 20. Be2 Rhd8 21. Bf3 Ke6 22. b5 Nc4 23. R5a2 a5 24. b3 Nd6 25. Bxa5 Re8 26. Bg4+ Ke7 27. Bb4 Rxa2 28. Rxa2 h5 29. Re2+ 1-0

[Event "11th Arad Open 2018"]
[Site "Arad"]
[Date "2018.08.07"]
[Round "4"]
[White "Tarlev, Konstantin"]
[Black "Posedaru, Bogdan"]
[Result "1-0"]
[ECO "D30"]
[WhiteElo "2561"]
[BlackElo "2326"]
[Annotator "ChessBase"]
[PlyCount "105"]
[EventDate "2018.08.05"]
[EventType "swiss"]
[EventCountry "ROU"]
[SourceTitle "playchess.com"]
[Source "ChessBase"]
[SourceQuality "1"]
[TimeControl "40/5400+30:1800+30"]

1. d4 d5 2. c4 e6 3. Nf3 c6 4. Qc2 dxc4 5. Qxc4 Nf6 6. g3 b5 7. Qc2 Bb7 8. Bg2 Nbd7 9. Ne5 Qb6 10. Nxd7 Nxd7 11. Nc3 Be7 12. O-O O-O 13. Ne4 Rac8 14. Be3 c5 15. dxc5 Bxe4 16. cxb6 Bxc2 17. bxa7 f5 18. Bb7 Rcd8 19. f3 b4 20. Rac1 b3 21. axb3 Bxb3 22. Rc7 Bd6 23. a8=Q Rxa8 24. Rxd7 Rad8 25. Rxd8 Rxd8 26. Ra1 Be5 27. Ra3 Bc4 28. b4 Bxe2 29. Kf2 Bc4 30. f4 Bb2 31. Ra8 Rxa8 32. Bxa8 Bb5 33. Bf3 Bc3 34. Bc5 e5 35. Be2 Bc6 36. Bc4+ Kh8 37. b5 Bb7 38. Ke3 h6 39. Be6 g6 40. fxe5 Bxe5 41. Bd4 Bg7 42. Bd7 Kg8 43. Bc6 Bc8 44. Bd5+ Kf8 45. b6 g5 46. Bxg7+ Kxg7 47. Be6 f4+ 48. gxf4 gxf4+ 49. Kxf4 Ba6 50. Ke5 Kg6 51. Kd6 Kf6 52. Bh3 Bb7 53. Kc7 1-0

[Event "11th Arad Open 2018"]
[Site "Arad"]
[Date "2018.08.07"]
[Round "4"]
[White "Jianu, Vlad-Cristian"]
[Black "Cerovic, Danilo"]
[Result "1-0"]
[ECO "D12"]
[WhiteElo "2542"]
[BlackElo "2320"]
[Annotator "ChessBase"]
[PlyCount "79"]
[EventDate "2018.08.05"]
[EventType "swiss"]
[EventCountry "ROU"]
[SourceTitle "playchess.com"]
[Source "ChessBase"]
[SourceQuality "1"]
[TimeControl "40/5400+30:1800+30"]

1. d4 d5 2. c4 c6 3. Nf3 Nf6 4. e3 Bf5 5. Nc3 e6 6. Nh4 Be4 7. f3 Bg6 8. Qb3 Qc7 9. Bd2 Be7 10. Nxg6 hxg6 11. g3 dxc4 12. Bxc4 Nbd7 13. O-O O-O 14. Rfd1 b5 15. Be2 a6 16. Rac1 c5 17. Be1 Qb7 18. Bf2 cxd4 19. exd4 Rac8 20. a4 b4 21. a5 Rc7 22. Na2 Rfc8 23. Rxc7 Rxc7 24. Qd3 Qd5 25. Rc1 Qxa5 26. Qxa6 Rxc1+ 27. Nxc1 Qxa6 28. Bxa6 Nd5 29. Kf1 Kf8 30. Ke2 N7b6 31. Nd3 Bd6 32. Ne5 Na4 33. Nc4 Ke7 34. Kd3 Nab6 35. Nxb6 Nxb6 36. Kc2 Nd5 37. Kb3 e5 38. Bc4 Ke6 39. Ka4 exd4 40. Bxd4 1-0

[Event "11th Arad Open 2018"]
[Site "Arad"]
[Date "2018.08.07"]
[Round "4"]
[White "Deepan Chakkravarthy J"]
[Black "Roubalik, Jakub"]
[Result "1-0"]
[ECO "E12"]
[WhiteElo "2530"]
[BlackElo "2402"]
[Annotator "ChessBase"]
[PlyCount "83"]
[EventDate "2018.08.05"]
[EventType "swiss"]
[EventCountry "ROU"]
[SourceTitle "playchess.com"]
[Source "ChessBase"]
[SourceQuality "1"]
[TimeControl "40/5400+30:1800+30"]

1. d4 Nf6 2. c4 e6 3. Nf3 b6 4. a3 Ba6 5. Qb3 Be7 6. Nc3 d5 7. cxd5 exd5 8. Bg5 Bb7 9. Bxf6 Bxf6 10. e3 O-O 11. Bd3 c6 12. O-O Na6 13. Rad1 Nc7 14. e4 g6 15. a4 Ne6 16. exd5 cxd5 17. a5 Nf4 18. a6 Bc6 19. Bb5 Qd7 20. Bxc6 Qxc6 21. g3 Qd7 22. Nb5 Qg4 23. Kh1 Ne6 24. Rfe1 Rfd8 25. Ne5 Bxe5 26. Rxe5 Ng5 27. Re3 Qf5 28. Kg2 h5 29. h4 Qh3+ 30. Kg1 Ne4 31. Qd3 Rd7 32. Rc1 Kg7 33. Qf1 Qf5 34. Kg2 Re8 35. Qe2 Re6 36. f3 Nf6 37. Rxe6 fxe6 38. Rc7 Rxc7 39. Nxc7 Kf7 40. Nb5 Qb1 41. Nxa7 Qa2 42. Nc6 1-0

[Event "11th Arad Open 2018"]
[Site "Arad"]
[Date "2018.08.07"]
[Round "4"]
[White "Georgescu, Tiberiu-Marian"]
[Black "Patrascu, Catalin-Lucian"]
[Result "1-0"]
[ECO "A80"]
[WhiteElo "2495"]
[BlackElo "2286"]
[Annotator "ChessBase"]
[PlyCount "91"]
[EventDate "2018.08.05"]
[EventType "swiss"]
[EventCountry "ROU"]
[SourceTitle "playchess.com"]
[Source "ChessBase"]
[SourceQuality "1"]
[TimeControl "40/5400+30:1800+30"]

1. d4 f5 2. Nc3 d5 3. Bf4 Nf6 4. Nf3 e6 5. e3 Bd6 6. Bd3 Nc6 7. O-O Qe7 8. Ne2 Bd7 9. c4 dxc4 10. Bxc4 O-O-O 11. Bxd6 Qxd6 12. Rc1 Rhg8 13. Ng5 Rde8 14. Nf4 h6 15. Nf7 Qe7 16. Ne5 Nxe5 17. dxe5 Ne4 18. f3 Nc5 19. b4 Na4 20. Bxe6 Bxe6 21. Qxa4 Kb8 22. Rfd1 g5 23. Nh5 Rd8 24. Nf6 Rxd1+ 25. Rxd1 Rc8 26. f4 a6 27. a3 Bc4 28. Qc2 Be6 29. Qa4 Rh8 30. h3 Bc8 31. Nd7+ Ka8 32. Nf6 Kb8 33. Rd4 Qe6 34. Qc2 b6 35. Qc4 Qe7 36. Qd3 gxf4 37. exf4 Qe6 38. Qc4 Qxc4 39. Rxc4 Rd8 40. Rc3 Rd4 41. Nh5 a5 42. bxa5 bxa5 43. Re3 Rd7 44. Kf2 c5 45. g4 Rc7 46. e6 1-0

[Event "11th Arad Open 2018"]
[Site "Arad"]
[Date "2018.08.07"]
[Round "4"]
[White "Stany, G A"]
[Black "Macovei, Andrei"]
[Result "1/2-1/2"]
[ECO "B14"]
[WhiteElo "2494"]
[BlackElo "2394"]
[Annotator "ChessBase"]
[PlyCount "72"]
[EventDate "2018.08.05"]
[EventType "swiss"]
[EventCountry "ROU"]
[SourceTitle "playchess.com"]
[Source "ChessBase"]
[SourceQuality "1"]
[TimeControl "40/5400+30:1800+30"]

1. e4 c6 2. d4 d5 3. exd5 cxd5 4. c4 Nf6 5. Nc3 g6 6. Qb3 Bg7 7. cxd5 O-O 8. Be2 Nbd7 9. Bf3 Nb6 10. Nge2 Bg4 11. Bxg4 Nxg4 12. a4 Nf6 13. Nf4 a5 14. O-O g5 15. Nd3 h6 16. Nc5 Nbxd5 17. Nxb7 Rb8 18. Nxd5 Nxd5 19. Qb5 Qc7 20. Qxd5 Rxb7 21. Bd2 Rxb2 22. Bxa5 Qa7 23. Bc3 Rc2 24. Qb3 Rxc3 25. Qxc3 Bxd4 26. Qc6 Bxa1 27. Rxa1 Qd4 28. Rb1 Rd8 29. h3 Rd6 30. Qe8+ Kg7 31. Rb8 Qa1+ 32. Kh2 Qe5+ 33. g3 Kg6 34. Qg8+ Qg7 35. Qc8 Qd4 36. Qg8+ Qg7 1/2-1/2

[Event "11th Arad Open 2018"]
[Site "Arad"]
[Date "2018.08.07"]
[Round "4"]
[White "Swayams, Mishra"]
[Black "Gilea, Lucian"]
[Result "1-0"]
[ECO "A55"]
[WhiteElo "2467"]
[BlackElo "2279"]
[Annotator "ChessBase"]
[PlyCount "75"]
[EventDate "2018.08.05"]
[EventType "swiss"]
[EventCountry "ROU"]
[SourceTitle "playchess.com"]
[Source "ChessBase"]
[SourceQuality "1"]
[TimeControl "40/5400+30:1800+30"]

1. d4 Nf6 2. c4 d6 3. Nf3 Nbd7 4. Nc3 e5 5. e4 Be7 6. Be2 O-O 7. O-O Re8 8. Qc2 c6 9. Rd1 Qc7 10. h3 a6 11. Be3 b5 12. a3 Bf8 13. Rac1 exd4 14. Nxd4 c5 15. Nf5 b4 16. Nd5 Nxd5 17. cxd5 bxa3 18. bxa3 Nf6 19. Ng3 Rb8 20. Bd2 Qe7 21. Bd3 g6 22. Rb1 Rxb1 23. Rxb1 Nd7 24. Qa4 Ne5 25. Bxa6 Bxh3 26. Rb7 Bd7 27. Bb5 Bxb5 28. Qxb5 Qd8 29. Bg5 Qc8 30. a4 c4 31. a5 Nd3 32. Be3 h5 33. a6 h4 34. Ne2 Rxe4 35. Qd7 Qxd7 36. Rxd7 Re8 37. a7 Ra8 38. Bb6 1-0

[Event "11th Arad Open 2018"]
[Site "Arad"]
[Date "2018.08.07"]
[Round "4"]
[White "Costachi, Mihnea"]
[Black "Antal, Gergely"]
[Result "1/2-1/2"]
[ECO "D85"]
[WhiteElo "2453"]
[BlackElo "2549"]
[Annotator "RC"]
[PlyCount "42"]
[EventDate "2018.08.05"]
[EventType "swiss"]
[EventCountry "ROU"]
[SourceTitle "playchess.com"]
[Source "ChessBase"]
[SourceQuality "1"]
[TimeControl "40/5400+30:1800+30"]

1. d4 Nf6 2. c4 g6 3. Nc3 d5 4. cxd5 Nxd5 5. Bd2 Bg7 6. e4 Nxc3 7. Bxc3 O-O 8. Qd2 c5 9. d5 e6 10. Bxg7 Kxg7 11. Bc4 Nd7 12. Qc3+ Qf6 13. Qxf6+ Nxf6 14. dxe6 Nxe4 15. exf7 Rb8 16. Nf3 b5 17. Bd5 Nf6 18. O-O-O Nxd5 19. Rxd5 Bb7 20. Rxc5 Bxf3 21. gxf3 Rxf7 1/2-1/2

[Event "11th Arad Open 2018"]
[Site "Arad"]
[Date "2018.08.07"]
[Round "4"]
[White "Cioara, Andrei-Nestor"]
[Black "Ciorgovean, Iustin"]
[Result "1-0"]
[ECO "A40"]
[WhiteElo "2435"]
[BlackElo "2245"]
[Annotator "NA RC"]
[PlyCount "97"]
[EventDate "2018.08.05"]
[EventType "swiss"]
[EventCountry "ROU"]
[SourceTitle "playchess.com"]
[Source "ChessBase"]
[SourceQuality "1"]
[TimeControl "40/5400+30:1800+30"]

1. d4 Nf6 2. c4 e6 3. g3 c5 4. Nf3 cxd4 5. Nxd4 a6 6. Bg2 Qc7 7. Nc3 Qxc4 8. Bf4 Nc6 9. Nb3 d5 10. O-O Be7 11. a3 Ne4 12. Nxe4 dxe4 13. Nd2 Qb5 14. Nxe4 O-O 15. Bc7 Qxb2 16. e3 e5 17. Qd3 Qb5 18. Qc2 Na5 19. Rfc1 Nb3 20. Rab1 Be6 21. Nd2 Nxc1 22. Rxb5 Ne2+ 23. Kf1 Nxg3+ 24. hxg3 axb5 25. Bxe5 Rxa3 26. Bxb7 b4 27. Qc7 Bd8 28. Qd6 Ba5 29. Bb2 Ra2 30. Qe5 Rxb2 31. Qxb2 Rb8 32. Qe5 Rxb7 33. Qxa5 Rb8 34. Qc7 Rf8 35. Qb6 b3 36. Nxb3 Bxb3 37. Qxb3 h5 38. e4 Re8 39. Qd5 g6 40. f4 Re6 41. Kf2 Ra6 42. Kg2 Kg7 43. Kh3 Kg8 44. Kh4 Ra3 45. f5 Ra6 46. Kg5 Kg7 47. f6+ Kg8 48. Kh6 Ra8 49. Qxa8# 1-0

[Event "11th Arad Open 2018"]
[Site "Arad"]
[Date "2018.08.07"]
[Round "4"]
[White "Filip, Lucian-Ioan"]
[Black "Calin, Alexandru"]
[Result "1-0"]
[ECO "C41"]
[WhiteElo "2426"]
[BlackElo "2215"]
[Annotator "NA"]
[PlyCount "85"]
[EventDate "2018.08.05"]
[EventType "swiss"]
[EventCountry "ROU"]
[SourceTitle "playchess.com"]
[Source "ChessBase"]
[SourceQuality "1"]
[TimeControl "40/5400+30:1800+30"]

1. e4 e5 2. Nf3 d6 3. d4 Nd7 4. Bc4 c6 5. a4 Ngf6 6. Nc3 Be7 7. O-O O-O 8. Re1 b6 9. b3 a6 10. d5 Bb7 11. dxc6 Bxc6 12. Bg5 Qc8 13. Nd5 Bxd5 14. Bxf6 Nxf6 15. Bxd5 Ra7 16. Bc4 Rc7 17. Qd3 a5 18. Nd2 Nh5 19. g3 Rd8 20. Nb1 Bf8 21. Nc3 Nf6 22. Kg2 Rc5 23. Rad1 Qc6 24. Re3 Qc8 25. Rf3 Be7 26. h3 h5 27. Qe2 h4 28. g4 Rf8 29. g5 Nh5 30. g6 Nf4+ 31. Rxf4 exf4 32. Nd5 Qe6 33. gxf7+ Rxf7 34. Nxf4 Rg5+ 35. Kh1 Qe5 36. Bxf7+ Kxf7 37. Nd5 Qe6 38. Qf3+ Bf6 39. Rg1 Re5 40. Rg4 g5 41. Nxb6 Kg6 42. Nd5 Qf7 43. Qd3 1-0

[Event "11th Arad Open 2018"]
[Site "Arad"]
[Date "2018.08.07"]
[Round "4"]
[White "Secheres, Adrian-Simion"]
[Black "Scripcaru, George-Daniel"]
[Result "1/2-1/2"]
[ECO "B01"]
[WhiteElo "2407"]
[BlackElo "2177"]
[Annotator "NA"]
[PlyCount "51"]
[EventDate "2018.08.05"]
[EventType "swiss"]
[EventCountry "ROU"]
[SourceTitle "playchess.com"]
[Source "ChessBase"]
[SourceQuality "1"]
[TimeControl "40/5400+30:1800+30"]

1. e4 d5 2. exd5 Qxd5 3. Nf3 Nf6 4. d4 Bg4 5. Be2 Nc6 6. c4 Qd6 7. Be3 e6 8. Nbd2 Be7 9. O-O O-O 10. h3 Bh5 11. a3 Rfd8 12. Qb3 a6 13. Rfd1 Rab8 14. Qc3 Bg6 15. b4 Bf8 16. Rac1 Ne7 17. Ne5 Nf5 18. Nxg6 hxg6 19. Nf3 Nxe3 20. Qxe3 c6 21. Ne5 a5 22. Rb1 axb4 23. axb4 Nd7 24. Bf3 Nxe5 25. dxe5 Qc7 26. Qc3 1/2-1/2

[Event "11th Arad Open 2018"]
[Site "Arad"]
[Date "2018.08.07"]
[Round "4"]
[White "Abramovic, Bosko"]
[Black "Ciorica, Mihai-Vlad"]
[Result "1-0"]
[ECO "D02"]
[WhiteElo "2400"]
[BlackElo "2110"]
[Annotator "NA"]
[PlyCount "93"]
[EventDate "2018.08.05"]
[EventType "swiss"]
[EventCountry "ROU"]
[SourceTitle "playchess.com"]
[Source "ChessBase"]
[SourceQuality "1"]
[TimeControl "40/5400+30:1800+30"]

1. d4 d5 2. Nf3 c6 3. g3 Bg4 4. Bg2 Nd7 5. Nbd2 Ngf6 6. O-O e6 7. Re1 Be7 8. c3 O-O 9. e4 dxe4 10. Nxe4 Nxe4 11. Rxe4 Nf6 12. Re1 Nd5 13. Qb3 Bxf3 14. Bxf3 Qb6 15. Qc2 Bf6 16. Bd2 Rfd8 17. Rad1 Rd7 18. h4 Rad8 19. Bc1 g6 20. h5 c5 21. dxc5 Qxc5 22. Qe2 b5 23. Qe4 b4 24. cxb4 Qxb4 25. Qe2 Nb6 26. Rxd7 Rxd7 27. Rd1 Qc4 28. Qxc4 Rxd1+ 29. Bxd1 Nxc4 30. b3 Nb6 31. Bf3 Nd5 32. Kf1 Bd4 33. hxg6 fxg6 34. a3 Kf7 35. Ke2 Kf6 36. b4 g5 37. Bxd5 exd5 38. g4 h6 39. Be3 Ke5 40. a4 a6 41. Kd3 Bb2 42. Bc5 Bc1 43. b5 axb5 44. a5 b4 45. a6 b3 46. a7 b2 47. Kc2 1-0

[Event "11th Arad Open 2018"]
[Site "Arad"]
[Date "2018.08.07"]
[Round "4"]
[White "Stoleriu, George"]
[Black "David, Bogdan-Emanuel"]
[Result "1/2-1/2"]
[ECO "B24"]
[WhiteElo "2392"]
[BlackElo "2104"]
[Annotator "NA"]
[PlyCount "125"]
[EventDate "2018.08.05"]
[EventType "swiss"]
[EventCountry "ROU"]
[SourceTitle "playchess.com"]
[Source "ChessBase"]
[SourceQuality "1"]
[TimeControl "40/5400+30:1800+30"]

1. e4 c5 2. Nc3 Nc6 3. Bb5 Nd4 4. Bc4 e6 5. Nge2 a6 6. Bb3 b5 7. d3 Nxb3 8. axb3 Bb7 9. O-O Nf6 10. f4 d5 11. e5 d4 12. exf6 dxc3 13. f5 gxf6 14. fxe6 fxe6 15. Nf4 Qd4+ 16. Kh1 O-O-O 17. bxc3 Qd7 18. Qe2 Rg8 19. Rf2 e5 20. Nh5 Be7 21. Kg1 Rg6 22. Bd2 Rdg8 23. Ng3 Rg4 24. Raf1 h5 25. Be1 c4 26. Qe3 h4 27. Ne4 Bxe4 28. dxe4 Qc6 29. b4 Bd8 30. Qc5 Qxc5 31. bxc5 Rxe4 32. Rd2 Be7 33. Bf2 Reg4 34. Be3 Kc7 35. Ra1 Ra8 36. Rad1 Rd8 37. Rxd8 Bxd8 38. Rd6 f5 39. Re6 Re4 40. Kf2 Kb7 41. Rd6 Ba5 42. Bd2 Rg4 43. Re6 e4 44. h3 Rg7 45. Bf4 Bc7 46. Be3 a5 47. Rf6 a4 48. c6+ Ka6 49. Bc5 f4 50. Ke1 Be5 51. Rf8 Bxc3+ 52. Kd1 b4 53. Bd6 a3 54. c7 Rxc7 55. Bxc7 a2 56. Ra8+ Kb7 57. Rxa2 Kxc7 58. Ra6 e3 59. Ke2 Kd7 60. Rb6 Kc7 61. Ra6 Kd7 62. Rb6 Kc7 63. Ra6 1/2-1/2

[Event "11th Arad Open 2018"]
[Site "Arad"]
[Date "2018.08.07"]
[Round "4"]
[White "Bogdan, Dan"]
[Black "Carasca, Bogdan-Petru"]
[Result "1/2-1/2"]
[ECO "D90"]
[WhiteElo "2382"]
[BlackElo "1993"]
[Annotator "NA"]
[PlyCount "80"]
[EventDate "2018.08.05"]
[EventType "swiss"]
[EventCountry "ROU"]
[SourceTitle "playchess.com"]
[Source "ChessBase"]
[SourceQuality "1"]
[TimeControl "40/5400+30:1800+30"]

1. c4 Nf6 2. d4 g6 3. Nc3 d5 4. Nf3 Bg7 5. cxd5 Nxd5 6. g3 O-O 7. Bg2 c5 8. Nxd5 Qxd5 9. dxc5 Qxd1+ 10. Kxd1 Na6 11. c6 bxc6 12. Nd2 Nb4 13. a3 Nd5 14. Kc2 Rb8 15. e4 Nb6 16. Rb1 Rd8 17. b3 Rb7 18. Bf1 Be6 19. f3 Rbd7 20. Be2 a5 21. Nc4 Nxc4 22. bxc4 Bd4 23. Rd1 c5 24. Rb5 Ra8 25. Bb2 Rdd8 26. Bxd4 cxd4 27. Kd3 f6 28. f4 Bf7 29. Rc1 e6 30. h4 Be8 31. Rb6 e5 32. c5 Kf7 33. Bd1 Rac8 34. Bb3+ Kg7 35. Bd5 Rc7 36. fxe5 fxe5 37. Re6 Bb5+ 38. Kd2 Rf8 39. Rxe5 Rf2+ 40. Kd1 Rf1+ {Re6 d3+} 1/2-1/2

[Event "11th Arad Open 2018"]
[Site "Arad"]
[Date "2018.08.07"]
[Round "4"]
[White "Baratosi, Daniel"]
[Black "Balog, Imre"]
[Result "0-1"]
[ECO "A00"]
[WhiteElo "2371"]
[BlackElo "2540"]
[Annotator "ChessBase"]
[PlyCount "84"]
[EventDate "2018.08.05"]
[EventType "swiss"]
[EventCountry "ROU"]
[SourceTitle "playchess.com"]
[Source "ChessBase"]
[SourceQuality "1"]
[TimeControl "40/5400+30:1800+30"]

1. g3 d5 2. Bg2 e5 3. d3 Nc6 4. a3 a5 5. Nd2 Nf6 6. b3 Bc5 7. e3 Qe7 8. Ne2 O-O 9. h3 Be6 10. O-O Rad8 11. Bb2 Rfe8 12. Nf3 Bc8 13. d4 exd4 14. Nexd4 Ne4 15. Nxc6 bxc6 16. Ne5 Rd6 17. Bd4 Bb6 18. b4 Rh6 19. h4 axb4 20. axb4 Qxb4 21. Ra8 Qe7 22. Qa1 Rd6 23. Nd3 f6 24. Nf4 c5 25. Bb2 Rdd8 26. Qa2 c6 27. c4 d4 28. exd4 Nd2 29. Ra1 Bc7 30. Qa7 Nxc4 31. Bxc6 Bxf4 32. Bxe8 Qxe8 33. Qa2 Qe6 34. d5 Qe4 35. d6 Bxg3 36. Bxf6 gxf6 37. fxg3 Kg7 38. Ra7+ Rd7 39. Rxd7+ Bxd7 40. Qf2 Bc6 41. Kh2 Ne5 42. Ra7+ Kg8 0-1

[Event "11th Arad Open 2018"]
[Site "Arad"]
[Date "2018.08.07"]
[Round "4"]
[White "Abramciuc, Marius"]
[Black "Samu, Sorin-Mihai"]
[Result "1-0"]
[ECO "C45"]
[WhiteElo "2357"]
[BlackElo "2090"]
[Annotator "NA"]
[PlyCount "85"]
[EventDate "2018.08.05"]
[EventType "swiss"]
[EventCountry "ROU"]
[SourceTitle "playchess.com"]
[Source "ChessBase"]
[SourceQuality "1"]
[TimeControl "40/5400+30:1800+30"]

1. e4 Nc6 2. d4 e5 3. Nf3 exd4 4. Nxd4 Bc5 5. Be3 Nxd4 6. Bxd4 Bxd4 7. Qxd4 Qf6 8. c3 d6 9. Na3 Qxd4 10. cxd4 Bd7 11. Nb5 Bxb5 12. Bxb5+ c6 13. Bd3 Nf6 14. f3 O-O-O 15. Kf2 Rhe8 16. Rac1 Kb8 17. Rhe1 Re7 18. g4 Ne8 19. h4 Nc7 20. g5 Ne6 21. Ke3 d5 22. e5 g6 23. f4 Rh8 24. h5 Ng7 25. hxg6 hxg6 26. Rh1 Rxh1 27. Rxh1 Ne6 28. Rh8+ Kc7 29. Be2 b6 30. Bg4 Nd8 31. b4 b5 32. f5 gxf5 33. Bxf5 Ne6 34. Bxe6 Rxe6 35. Rh7 a5 36. Rxf7+ Kb6 37. a3 axb4 38. axb4 Re8 39. g6 c5 40. dxc5+ Kc6 41. g7 d4+ 42. Kd3 Kd5 43. Rf8 1-0

[Event "11th Arad Open 2018"]
[Site "Arad"]
[Date "2018.08.07"]
[Round "4"]
[White "Balla, Tamas-Kristof"]
[Black "Visanescu, Daria-Ioana"]
[Result "1-0"]
[ECO "D30"]
[WhiteElo "2352"]
[BlackElo "2075"]
[Annotator "NA"]
[PlyCount "109"]
[EventDate "2018.08.05"]
[EventType "swiss"]
[EventCountry "ROU"]
[SourceTitle "playchess.com"]
[Source "ChessBase"]
[SourceQuality "1"]
[TimeControl "40/5400+30:1800+30"]

1. d4 d5 2. c4 e6 3. Nf3 a6 4. cxd5 exd5 5. Nc3 c6 6. Bf4 Bd6 7. Bg3 Ne7 8. e3 O-O 9. Qb3 b5 10. Be2 Bg4 11. Rc1 Re8 12. Bxd6 Qxd6 13. Ne5 Bxe2 14. Nxe2 Rc8 15. Nd3 Nd7 16. O-O Nb6 17. Nc5 a5 18. Qd3 a4 19. Ng3 Qf6 20. Rc2 Ra7 21. Rfc1 g6 22. Qe2 Kg7 23. Qg4 Qd6 24. h4 f5 25. Qf3 Rf8 26. Ne2 h6 27. Nf4 Rf6 28. Ncd3 Nd7 29. Qg3 Kh7 30. Qf3 Ra8 31. h5 gxh5 32. Qxh5 Rg8 33. Qh3 Rg4 34. f3 Rg5 35. Kf2 b4 36. Rh1 b3 37. axb3 axb3 38. Rc3 Qb8 39. Qh4 Kg8 40. Nh5 Rf7 41. Qf4 Qe8 42. Rxb3 Rh7 43. Qh2 Qc8 44. Ne5 Rxh5 45. Qxh5 Nxe5 46. dxe5 c5 47. Ra1 d4 48. e4 c4 49. Rba3 Qc5 50. Ra8+ Kg7 51. R1a5 Qb4 52. exf5 Qd2+ 53. Kg3 Nxf5+ 54. Qxf5 Qe1+ 55. Kh2 1-0

[Event "11th Arad Open 2018"]
[Site "Arad"]
[Date "2018.08.07"]
[Round "4"]
[White "Ileana, George"]
[Black "Bai, Adelard"]
[Result "0-1"]
[ECO "C55"]
[WhiteElo "2324"]
[BlackElo "2071"]
[Annotator "NA"]
[PlyCount "97"]
[EventDate "2018.08.05"]
[EventType "swiss"]
[EventCountry "ROU"]
[SourceTitle "playchess.com"]
[Source "ChessBase"]
[SourceQuality "1"]
[TimeControl "40/5400+30:1800+30"]

1. e4 e5 2. Nf3 Nc6 3. Bc4 Nf6 4. d3 Be7 5. O-O d6 6. c3 O-O 7. Re1 Kh8 8. Nbd2 Ng8 9. d4 f5 10. dxe5 fxe4 11. exd6 cxd6 12. Nxe4 Bg4 13. Be2 d5 14. Ng3 Qb6 15. Qb3 Qc7 16. Be3 Bxf3 17. Bxf3 Rxf3 18. gxf3 Ne5 19. Kg2 Rf8 20. f4 Ng6 21. Kf1 Nxf4 22. Rad1 Bh4 23. Rd4 Bxg3 24. hxg3 Ne6 25. Bf4 Nxd4 26. Bxc7 Nxb3 27. axb3 Nf6 28. Kg2 Kg8 29. Re7 Rf7 30. Rxf7 Kxf7 31. Kf3 Ne4 32. Ke3 Ke6 33. Bb8 a6 34. b4 g5 35. f3 Nd6 36. b3 h5 37. Kd4 h4 38. gxh4 gxh4 39. Ke3 Nb5 40. c4 d4+ 41. Kd3 Nd6 42. c5 Nf5 43. Ke4 h3 44. Bf4 Kd7 45. b5 axb5 46. b4 Kc6 47. Bb8 Nh4 48. Bg3 d3 49. Kd4 0-1

[Event "11th Arad Open 2018"]
[Site "Arad"]
[Date "2018.08.07"]
[Round "4"]
[White "Yordanov, Lachezar"]
[Black "Gavrilescu, David"]
[Result "0-1"]
[ECO "D38"]
[WhiteElo "2314"]
[BlackElo "2468"]
[Annotator "ChessBase"]
[PlyCount "96"]
[EventDate "2018.08.05"]
[EventType "swiss"]
[EventCountry "ROU"]
[SourceTitle "playchess.com"]
[Source "ChessBase"]
[SourceQuality "1"]
[TimeControl "40/5400+30:1800+30"]

1. d4 Nf6 2. c4 e6 3. Nf3 d5 4. Nc3 Bb4 5. cxd5 exd5 6. Bg5 h6 7. Bxf6 Qxf6 8. Qa4+ Nc6 9. e3 O-O 10. Be2 Be6 11. O-O a6 12. Rfc1 Bd6 13. a3 Ne7 14. b4 g5 15. Qd1 g4 16. Ne1 h5 17. g3 Kg7 18. e4 dxe4 19. Nxe4 Qh6 20. Nxd6 cxd6 21. Ng2 Rac8 22. Ne3 Nd5 23. Nxd5 Bxd5 24. Rxc8 Rxc8 25. Qd3 Qe6 26. Bf1 Qe4 27. Qxe4 Bxe4 28. Re1 d5 29. Bg2 f5 30. Bxe4 dxe4 31. b5 a5 32. b6 Kf6 33. Rb1 Rc3 34. Rb5 Rxa3 35. Rc5 Rb3 36. Rxa5 Rxb6 37. Ra8 Rb1+ 38. Kg2 Rb2 39. Kg1 Rb1+ 40. Kg2 Rb2 41. Kg1 b5 42. Rf8+ Ke6 43. Re8+ Kd5 44. Re5+ Kxd4 45. Rxf5 b4 46. Rxh5 b3 47. Rb5 Kc4 48. Rb8 Rc2 0-1

[Event "11th Arad Open 2018"]
[Site "Arad"]
[Date "2018.08.07"]
[Round "4"]
[White "Trifan, Andrei Ioan"]
[Black "Womacka, Mathias"]
[Result "1/2-1/2"]
[ECO "B96"]
[WhiteElo "2308"]
[BlackElo "2450"]
[Annotator "RC"]
[PlyCount "93"]
[EventDate "2018.08.05"]
[EventType "swiss"]
[EventCountry "ROU"]
[SourceTitle "playchess.com"]
[Source "ChessBase"]
[SourceQuality "1"]
[TimeControl "40/5400+30:1800+30"]

1. e4 c5 2. Nf3 d6 3. d4 cxd4 4. Nxd4 Nf6 5. Nc3 a6 6. Bg5 e6 7. f4 h6 8. Bh4 Qb6 9. Qd2 Qxb2 10. Rb1 Qa3 11. e5 dxe5 12. fxe5 g5 13. Bf2 Ng4 14. Bg3 Bg7 15. Bb5+ Nd7 16. Bxd7+ Bxd7 17. Rb3 Qa5 18. Rxb7 Nxe5 19. O-O Qc5 20. Ne4 Nc4 21. Nxc5 Nxd2 22. Rxd7 Nxf1 23. Kxf1 O-O 24. Ndb3 Rfc8 25. Ke2 Rc6 26. Rc7 Rxc7 27. Bxc7 f5 28. Nxe6 Re8 29. Nbc5 Kf7 30. Kf3 Rxe6 31. Nxe6 Kxe6 32. g4 Bc3 33. h3 Kf6 34. h4 gxh4 35. Bd8+ Ke6 36. Bxh4 fxg4+ 37. Kxg4 Kd5 38. Kh5 Bd2 39. Bf6 Kc4 40. Bg7 Kb4 41. Bxh6 Bxh6 42. Kxh6 Kc3 43. Kg5 Kxc2 44. Kf4 Kb2 45. a4 Kb3 46. a5 Kb4 47. Ke3 1/2-1/2

[Event "11th Arad Open 2018"]
[Site "Arad"]
[Date "2018.08.07"]
[Round "4"]
[White "Nastase, Robert-Paul"]
[Black "Solcanean, Serghei"]
[Result "1/2-1/2"]
[ECO "D15"]
[WhiteElo "2299"]
[BlackElo "2051"]
[Annotator "NA"]
[PlyCount "114"]
[EventDate "2018.08.05"]
[EventType "swiss"]
[EventCountry "ROU"]
[SourceTitle "playchess.com"]
[Source "ChessBase"]
[SourceQuality "1"]
[TimeControl "40/5400+30:1800+30"]

1. d4 Nf6 2. c4 c6 3. Nc3 d5 4. Nf3 a6 5. c5 Nbd7 6. Bf4 Nh5 7. Bg5 g6 8. e4 f6 9. Be3 e6 10. Be2 Be7 11. Bh6 Kf7 12. Nd2 Ng7 13. f3 f5 14. O-O Re8 15. b4 Kg8 16. Nb3 dxe4 17. fxe4 Nf6 18. e5 Nd5 19. Nxd5 exd5 20. Qd2 Ne6 21. a4 Bd7 22. b5 axb5 23. axb5 Rxa1 24. Rxa1 Bg5 25. Bxg5 Qxg5 26. Qxg5 Nxg5 27. Ra7 Rb8 28. b6 Ne6 29. Kf2 Bc8 30. h4 h6 31. g3 g5 32. hxg5 hxg5 33. Ke3 Kg7 34. Bd3 f4+ 35. gxf4 Nxf4 36. Bc2 Kh6 37. Bd1 Kg6 38. Kf3 Ne6 39. Kg3 Nd8 40. Ra2 Bf5 41. Bg4 Bxg4 42. Kxg4 Nf7 43. Ra7 Nh6+ 44. Kh3 Nf5 45. Kg2 g4 46. Na5 Nxd4 47. Rxb7 Rxb7 48. Nxb7 Ne6 49. Kg3 Kg5 50. Na5 Nxc5 51. Nxc6 Kf5 52. Nb4 d4 53. Nd3 Nb7 54. Kh4 Nd8 55. Kg3 Nb7 56. Kh4 Nd8 57. Kg3 Nb7 1/2-1/2